 Dungeon Crawl Stone Soup version 0.17-a0-1-g1f4be75 (console) character file.

120673 Fusha the Crack Shot (level 17, -16/116 HPs)
             Began as a Halfling Wanderer on Mar 12, 2015.
             Was a High Priest of Okawaru.
             Killed from afar by Aizul (33 damage)
             ... with a poison arrow
             ... on level 5 of the Swamp.
             The game lasted 03:52:14 (44427 turns).

Fusha the Crack Shot (Halfling Wanderer)           Turns: 44427, Time: 03:52:14

Health: -16/116    AC: 19    Str: 21    XL:     17   Next: 37%
Magic:  25/25      EV: 29    Int:  5    God:    Okawaru [*****.]
Gold:   3401       SH:  0    Dex: 23    Spells: 0 memorised, 16 levels left

rFire  . . .     SeeInvis .     a - +1 rapier (venom)
rCold  + + .     Clarity  +     Y - +3 ring mail "Hanliec" {Regen+ Str+3 Slay+2}
rNeg   + . .     SustAb   .     (no shield)
rPois  .         Gourm    .     l - +0 helmet of the Big Bang {rC+ rN+ rCorr Int-4 Stlth+}
rElec  .         Spirit   .     o - +2 cloak {rC+}
rCorr  +         Warding  .     v - +0 pair of gloves
rMut   .         Stasis   .     d - +1 pair of boots
MR     +....                    r - amulet of clarity
Stlth  ++........               f - +4 ring of dexterity
                                F - +2 ring of strength

@: lethally poisoned (-16 -> -37), about to teleport, finesse, cleaving, very
slightly contaminated, drained, invisible, somewhat resistant to hostile
enchantments, unstealthy
A: mutation resistance 1
a: Heroism, Finesse, Renounce Religion


You were on level 5 of the Swamp.
You worshipped Okawaru.
Okawaru was extremely pleased with you.
You were not hungry.

You visited 4 branches of the dungeon, and saw 30 of its levels.
You also visited: Ice Cave.

You collected 3801 gold pieces.
You spent 400 gold pieces at shops.

Inventory:

Hand weapons
 a - a +1 rapier of venom (weapon)
 b - a +9 shortbow of flaming
Missiles
 B - 7 poisoned arrows
 O - an arrow of flame
Armour
 d - a +1 pair of boots (worn)
 l - the +0 helmet of the Big Bang (worn) {rC+ rN+ rCorr Int-4 Stlth+}
   (Okawaru gifted it to you on level 8 of the Lair of Beasts)

   It affects your intelligence (-4).
   It protects you from cold.
   It protects you from negative energy.
   It protects you from acid and corrosion.
   It makes you more stealthy.
 o - a +2 cloak of cold resistance (worn)
 v - a +0 pair of gloves (worn)
 Y - the +3 ring mail "Hanliec" (worn) {Regen+ Str+3 Slay+2}
   (You found it on level 4 of the Lair of Beasts)

   It affects your strength (+3).
   It affects your accuracy and damage with ranged weapons and melee attacks
   (+2).
   It increases your rate of regeneration.
Jewellery
 f - a +4 ring of dexterity (right hand)
 r - an amulet of clarity (around neck)
 F - a +2 ring of strength (left hand)
 V - an uncursed amulet of resist mutation
Magical devices
 h - a wand of draining (2)
 i - a wand of heal wounds (8)
 k - a wand of paralysis (1)
 n - a wand of polymorph (12)
 p - a wand of hasting (6)
 w - a wand of paralysis (14)
 E - a wand of magic darts (0)
 G - a wand of disintegration (11)
 H - a wand of fire (0)
 I - a wand of digging (7)
Scrolls
 c - 4 scrolls of teleportation
 g - a scroll of silence
 u - 13 scrolls of remove curse
 x - 5 scrolls of recharging
 y - a scroll of magic mapping
 L - a scroll of summoning {unknown}
 M - a scroll of brand weapon
Potions
 e - a potion of mutation
 j - a potion of lignification
 m - 2 potions of curing
 q - a potion of invisibility
 s - a potion of ambrosia
 z - 2 potions of might
 C - 3 potions of restore abilities
 J - a potion of berserk rage
 P - a potion of agility
 Q - 2 potions of haste
Miscellaneous
 t - a plain deck of defence {the Shadow, drawn: 5}
 A - a plain deck of changes {drawn: 1}
 D - a box of beasts
 K - a sack of spiders {used: 8}
 T - a phial of floods (inert)
Comestibles
 W - 4 bread rations


   Skills:
 + Level 10.7(10.6) Fighting
 + Level 12.2(12.1) Short Blades
   Level 1.0(0.9) Axes
 + Level 21.1(21.0) Bows
 + Level 1.5(1.4) Throwing
 + Level 10.5(10.4) Armour
 + Level 14.6(14.5) Dodging
 + Level 3.2 Stealth
 + Level 3.8 Invocations
 + Level 4.9(4.8) Evocations


You had 16 spell levels left.
You didn't know any spells.

Dungeon Overview and Level Annotations

Branches:
Dungeon (13/15)            Temple (0/1) D:5            Lair (8/8) D:10
  Swamp (5/5) Lair:5        Snake (0/5) Lair:4        Slime (0/6) Lair:6
    Orc (4/4) D:11            Elf (0/3) Orc:4
 Vaults: D:13-14

Altars:
Ashenzari
Cheibriados
Dithmenos
Elyvilon
Gozag
Kikubaaqudgha
Nemelex Xobeh
Okawaru
Ru
Sif Muna
Trog
Vehumet
Yredelemnul
Zin
The Shining One
Beogh

Shops:
D:5 [   D:12 [   Orc:4 [*:

Annotations:
Swamp:5 Aizul


Innate Abilities, Weirdness & Mutations

You are small and have problems with some larger weapons.
You are somewhat resistant to further mutation.


Message History

Evoke which item? (* to show all) (? for menu, Esc to quit)
You draw a card...
It is the Blade.
The deck of cards disappears in a puff of smoke.
Your +1 rapier of venom looks oddly sharp.
Aizul coils himself and waves his upper body at you.
You fall asleep.
The bog body points at Aizul and mumbles some strange words.
The bolt of cold hits Aizul.
You are firmly grounded in the material plane once more.
Aizul is engulfed in freezing vapours.
Aizul casts a spell at you. The poison arrow hits you!
You are poisoned.
You wake up.
* * * LOW HITPOINT WARNING * * *
Aizul is engulfed in freezing vapours.
Aizul casts a spell at you. The poison arrow hits you!
You are lethally poisoned!
You die...

#.P. #♣≈§≈≈.) 8.≈...8.# ♣≈≈..≈≈
.PP.≈....# ♣♣♣≈≈≈. #..#...#.##
##♣♣♣♣.§≈ ###
≈.....≈≈≈#####≈≈♣♣≈≈≈≈
♣♣♣♣♣≈♣♣♣..§≈≈≈.♣.≈≈.≈≈≈.♣.≈≈..
♣≈≈≈≈≈≈.§.♣♣≈≈≈≈≈≈≈≈≈<≈≈≈≈≈≈≈≈♣
♣♣≈≈≈§≈≈.≈.♣≈≈≈≈≈≈≈≈≈≈≈.≈≈.≈.♣♣♣
♣≈.§§§..≈≈≈≈..≈@S≈≈≈.♣♣♣≈≈≈≈♣♣
♣≈..♣♣<...≈≈≈≈.§≈≈≈.≈♣ ♣♣♣♣♣♣
≈≈≈. ♣§≈≈≈≈≈..§≈≈≈≈≈.♣ ≈≈≈
≈§≈≈≈≈≈≈n≈≈≈≈≈≈≈≈♣ ≈≈
.§§≈§≈≈..≈.≈≈≈≈≈≈.♣ ≈
.≈≈≈≈..≈.♣♣.≈≈≈≈≈.≈♣
≈.♣♣♣♣♣♣♣≈♣≈.≈≈≈≈§.♣♣ ≈≈.
♣♣♣.≈≈≈≈§≈.♣ ≈ ♣.≈.§≈≈.♣♣


You could see Aizul and a bog body.

Vanquished Creatures
  Asterion (Swamp:5)
  Rupert (Lair:3)
  2 thorn hunters (Swamp:4)
  3 dire elephants (Lair:8)
  2 blizzard demons (IceCv)
  2 vault guards (D:13)
  Harold (Lair:7)
  A ghost crab (Swamp:3)
  Nessos (D:12)
  4 alligators
  Erica (D:13)
  18 hydras
  An ogre mage (D:12)
  An anaconda (Lair:8)
  7 orc high priests (Orc:4)
  Urug (Orc:4)
  A fire crab (Lair:7)
  4 ice devils (IceCv)
  7 slime creatures
  2 necromancers
  3 swamp dragons (Swamp:4)
  An ice statue (IceCv)
  2 shambling mangroves
  Pikel (D:7)
  3 hill giants
  2 cyclopes
  8 ugly things
  2 wizards
  5 hornets
  13 elephants
  Maurice (Orc:1)
  A centaur zombie (D:13)
  Joseph (Orc:2)
  5 black mambas
  2 gargoyles
  A torpor snail (Lair:8)
  Psyche (Orc:1)
  26 spiny frogs
  10 komodo dragons
  6 anaconda simulacra (IceCv)
  4 fire drakes
  2 golden dragon simulacra (IceCv)
  2 freezing wraiths (IceCv)
  4 trolls
  The ghost of dadoka the Covert, an experienced SpAs (D:8)
  Sonja (D:10)
  2 two-headed ogres
  10 bog bodies
  3 baby alligators (Swamp:2)
  8 giant leeches
  6 ravens
  2 wyverns
  5 blink frogs (Lair:1)
  7 spriggans
  4 basilisks
  A hill giant zombie (D:11)
  14 hippogriffs
  3 hungry ghosts
  Eustachio (D:7)
  A wraith (D:12)
  12 humans (D:13)
  A deep elf mage (D:11)
  40 yaks
  15 vampire mosquitoes
  3 harpy simulacra (IceCv)
  20 wolves
  2 soldier ants (D:11)
  5 wargs (Orc:4)
  Edmund (D:4)
  A death yak simulacrum (IceCv)
  Menkaure (D:5)
  5 insubstantial wisps
  16 porcupines
  23 swamp worms
  2 nagas (Lair:4)
  22 water moccasins
  9 swamp drakes
  2 hydra simulacra (IceCv)
  7 ice beasts
  12 orc warriors
  Purgy (D:4)
  A black bear (D:9)
  A slave (D:7)
  10 wasps
  A spider (D:11)
  An eye of draining (D:10)
  2 ettin simulacra (IceCv)
  7 phantoms
  A boring beetle (Lair:7)
  7 crocodiles
  9 ogres
  Sigmund (D:7)
  2 big kobolds
  4 centaurs
  Blork the orc (D:7)
  2 komodo dragon zombies (Lair:5)
  13 giant frogs
  2 scorpions
  17 jellies
  6 electric eels (Lair:5)
  11 wights
  12 hounds
  4 crimson imps
  4 goliath beetles
  44 orc priests
  5 draconian simulacra (IceCv)
  A centaur skeleton (D:7)
  3 giant frog skeletons
  7 hell rats (Lair:3)
  9 iguanas
  18 orc wizards
  Natasha (thrice) (D:3)
  A gnoll shaman (D:6)
  A polar bear simulacrum (IceCv)
  2 spriggan simulacra (IceCv)
  5 troll simulacra (IceCv)
  10 worker ants
  30 sheep
  3 wolf simulacra (IceCv)
  Ijyb (D:7)
  5 ogre zombies (D:11)
  3 hound skeletons
  A hound zombie (D:6)
  A mummy (D:7)
  26 adders
  3 naga simulacra (IceCv)
  2 ogre simulacra (IceCv)
  16 white imps
  10 gnolls
  53 river rats
  5 worms
  2 giant mites (D:4)
  6 shadow imps
  8 ufetubi (IceCv)
  An adder zombie (D:6)
  2 adder skeletons
  3 giant geckos
  197 orcs
  A bat skeleton (D:4)
  7 giant cockroaches
  21 goblins
  15 hobgoblins
  26 kobolds
  An ooze (Lair:6)
  7 quokkas
  A ball python (D:7)
  13 bats
  9 giant newts
  4 giant spores
  2 hobgoblin skeletons (D:11)
  8 hobgoblin zombies
  18 jackals
  A jackal skeleton (D:4)
  An orc skeleton (D:11)
  9 orc zombies (D:11)
  13 rats
  6 ballistomycetes
  5 fungi
  6 plants
1216 creatures vanquished.

Vanquished Creatures (collateral kills)
  Erolcha (Orc:3)
  A death yak simulacrum (IceCv)
  3 orcs (Orc:3)
5 creatures vanquished.

Vanquished Creatures (others)
  A water elemental (Swamp:5)
  14 spiders
  A swamp drake (Swamp:5)
  An orc wizard (Orc:2)
  3 giant mites
  An ufetubus (IceCv)
  An orc (D:7)
  A hobgoblin (Orc:3)
  A quokka (D:7)
  A briar patch (Swamp:4)
  5 fungi
  3 plants
  7 toadstools (Swamp:4)
40 creatures vanquished.

Grand Total: 1261 creatures vanquished

Notes
Turn   | Place    | Note
--------------------------------------------------------------
     0 | D:1      | Fusha, the Halfling Wanderer, began the quest for the Orb.
     0 | D:1      | Fusha set off with: a +2 hand axe, a +0 shortbow, a scroll of teleportation, a +0 robe, 23 arrows, a bread ration
     0 | D:1      | Reached XP level 1. HP: 18/18 MP: 1/1
   295 | D:1      | Reached XP level 2. HP: 23/23 MP: 2/2
   379 | D:1      | Reached skill level 5 in Fighting
   879 | D:1      | Reached XP level 3. HP: 27/29 MP: 3/3
  1325 | D:2      | Reached skill level 1 in Dodging
  1446 | D:2      | Found a sacrificial altar of Ru.
  1601 | D:2      | Reached XP level 4. HP: 7/35 MP: 4/4
  2006 | D:2      | Found an iron altar of Okawaru.
  2013 | D:2      | Became a worshipper of Warmaster Okawaru
  2020 | D:2      | Found an ancient bone altar of Kikubaaqudgha.
  2219 | D:3      | Noticed Natasha
  2233 | D:3      | Killed Natasha
  2233 | D:3      | Reached skill level 1 in Bows
  2421 | D:3      | Noticed Natasha
  2432 | D:3      | Killed Natasha
  2432 | D:3      | Reached XP level 5. HP: 25/39 MP: 5/5
  2486 | D:3      | Noticed Natasha
  2489 | D:3      | Killed Natasha
  3284 | D:4      | Noticed Menkaure
  3289 | D:5      | Entered Level 5 of the Dungeon
  3296 | D:5      | Reached XP level 6. HP: 15/45 MP: 6/6
  3891 | D:4      | Learned a level 2 spell: Shroud of Golubria
  4068 | D:5      | Found a staircase to the Ecumenical Temple.
  4094 | D:5      | Found Cuil's Antique Armour Boutique.
  4097 | D:5      | Bought a runed chain mail for 135 gold pieces
  4639 | D:4      | Noticed Edmund
  4662 | D:4      | Killed Edmund
  4662 | D:4      | Acquired Okawaru's first power
  4662 | D:4      | Reached skill level 5 in Bows
  4662 | D:4      | Reached XP level 7. HP: 30/50 MP: 7/7
  4798 | D:4      | Found a radiant altar of Vehumet.
  4927 | D:4      | Noticed Purgy
  5179 | D:3      | Reached skill level 6 in Bows
  6357 | D:5      | Reached XP level 8. HP: 49/56 MP: 8/8
  6408 | D:4      | Reached skill level 7 in Bows
  6609 | D:4      | Killed Purgy
  7357 | D:5      | Killed Menkaure
  7748 | D:6      | Reached skill level 8 in Bows
  7828 | D:6      | Found a shadowy altar of Dithmenos.
  8254 | D:6      | Reached skill level 9 in Bows
  8254 | D:6      | Reached XP level 9. HP: 55/62 MP: 9/9
  8673 | D:7      | Found a staircase to the Ecumenical Temple.
  8682 | D:7      | Noticed Eustachio
  8690 | D:7      | Noticed Sigmund
  8857 | D:7      | Killed Sigmund
  8913 | D:7      | Killed Eustachio
  8958 | D:7      | Reached skill level 10 in Bows
  8974 | D:7      | Noticed Ijyb
  8983 | D:7      | Killed Ijyb
  9000 | D:7      | Noticed Pikel
  9240 | D:7      | Found a deep blue altar of Sif Muna.
  9612 | D:7      | Reached skill level 5 in Armour
  9757 | D:7      | Reached skill level 1 in Invocations
  9820 | D:7      | Reached skill level 5 in Dodging
  9892 | D:7      | Killed Pikel
  9892 | D:7      | Reached skill level 11 in Bows
 10142 | D:7      | Found a glowing silver altar of Zin.
 10142 | D:7      | Found a glowing golden altar of the Shining One.
 10142 | D:7      | Found a white marble altar of Elyvilon.
 10232 | D:7      | Found a snail-covered altar of Cheibriados.
 10265 | D:7      | Noticed Blork the orc
 10296 | D:7      | Killed Blork the orc
 10296 | D:7      | Reached XP level 10. HP: 51/69 MP: 8/11
 10470 | D:8      | Paralysed by a wasp for 2 turns
 10500 | D:8      | Noticed dadoka's ghost (experienced SpAs)
 10728 | D:8      | Received a gift from Okawaru
 10885 | D:8      | Killed dadoka's ghost
 10885 | D:8      | Reached skill level 12 in Bows
 11013 | D:8      | Found a basalt altar of Yredelemnul.
 11563 | D:9      | Noticed a hill giant
 11606 | D:9      | Killed a hill giant
 11606 | D:9      | Received a gift from Okawaru
 11863 | D:9      | Found an opulent altar of Gozag.
 12202 | D:9      | Found a sparkling altar of Nemelex Xobeh.
 12270 | D:9      | Found a shattered altar of Ashenzari.
 12574 | D:10     | Entered Level 10 of the Dungeon
 12641 | D:10     | Reached skill level 13 in Bows
 12870 | D:10     | Reached XP level 11. HP: 71/74 MP: 14/14
 12880 | D:10     | Acquired Okawaru's second power
 13080 | D:10     | Found a staircase to the Lair.
 13295 | D:10     | Noticed a hill giant
 13311 | D:10     | Killed a hill giant
 13311 | D:10     | Reached skill level 14 in Bows
 13461 | D:10     | Noticed Sonja
 13948 | D:10     | Found a staircase to the Lair.
 14033 | D:10     | Killed Sonja
 14271 | Lair:1   | Entered Level 1 of the Lair of Beasts
 14312 | D:10     | Received a gift from Okawaru
 14708 | Lair:1   | Reached skill level 1 in Evocations
 14816 | Lair:1   | Reached skill level 15 in Bows
 15614 | Lair:1   | Reached XP level 12. HP: 81/81 MP: 16/16
 15842 | Lair:2   | Received a gift from Okawaru
 15842 | Lair:2   | Reached skill level 16 in Bows
 16010 | Lair:2   | Noticed a five-headed hydra
 16089 | Lair:2   | Noticed a seven-headed hydra
 16324 | Lair:2   | Got a bloodstained scale mail
 16335 | Lair:2   | Identified the cursed -2 scale mail of Courage {rElec rC+ Slay+3} (You found it on level 2 of the Lair of Beasts)
 16422 | Lair:2   | Noticed a six-headed hydra
 16445 | Lair:2   | Killed a six-headed hydra
 17171 | Lair:2   | Received a gift from Okawaru
 17589 | Lair:3   | Noticed Rupert
 17605 | Lair:3   | Paralysed by Rupert for 6 turns
 17632 | Lair:3   | Killed Rupert
 17632 | Lair:3   | Received a gift from Okawaru
 17632 | Lair:3   | Reached skill level 17 in Bows
 17814 | Lair:3   | Received a gift from Okawaru
 18587 | Lair:3   | Received a gift from Okawaru
 19005 | Lair:4   | Noticed a six-headed hydra
 19062 | Lair:3   | Killed a six-headed hydra
 19062 | Lair:3   | Received a gift from Okawaru
 19173 | Lair:4   | Reached XP level 13. HP: 86/86 MP: 19/19
 19174 | Lair:4   | Found a staircase to the Snake Pit.
 19364 | Lair:4   | Reached skill level 18 in Bows
 20069 | Lair:4   | Got a polished ring mail
 20080 | Lair:4   | Identified the +3 ring mail "Hanliec" {Regen+ Str+3 Slay+2} (You found it on level 4 of the Lair of Beasts)
 20311 | Lair:4   | Received a gift from Okawaru
 20938 | Lair:5   | Reached skill level 19 in Bows
 21532 | Lair:5   | Found a staircase to the Swamp.
 22388 | Lair:6   | Found a staircase to the Slime Pits.
 22489 | Lair:6   | Reached skill level 1 in Short Blades
 23622 | Lair:7   | Noticed Harold
 23640 | Lair:7   | Killed Harold
 23640 | Lair:7   | Received a gift from Okawaru
 23825 | Lair:7   | Reached XP level 14. HP: 94/94 MP: 20/20
 24009 | Lair:7   | Received a gift from Okawaru
 24689 | Lair:8   | Entered Level 8 of the Lair of Beasts
 24710 | Lair:7   | Received a gift from Okawaru
 24982 | Lair:8   | Received a gift from Okawaru
 25449 | Lair:8   | Received a gift from Okawaru
 25459 | Lair:8   | Got a steaming helmet {god gift}
 25470 | Lair:8   | Identified the +0 helmet of the Big Bang {rC+ rN+ rCorr Int-4 Stlth+} (Okawaru gifted it to you on level 8 of the Lair of Beasts)
 25739 | Lair:8   | Reached skill level 10 in Dodging
 26790 | Lair:8   | Reached skill level 5 in Short Blades
 27787 | D:11     | Found a staircase to the Orcish Mines.
 27817 | D:11     | Reached skill level 20 in Bows
 28627 | Orc:1    | Entered Level 1 of the Orcish Mines
 28836 | Orc:1    | Noticed Maurice
 28862 | Orc:1    | Killed Maurice
 28937 | Orc:1    | Noticed Psyche
 28943 | Orc:1    | Killed Psyche
 29348 | Orc:1    | Found a roughly hewn altar of Beogh.
 29996 | Orc:3    | Found a bloodstained altar of Trog.
 30102 | Orc:2    | Noticed Joseph
 30313 | Orc:2    | Killed Joseph
 30530 | Orc:4    | Entered Level 4 of the Orcish Mines
 30591 | Orc:3    | Noticed Urug
 30627 | Orc:4    | Killed Urug
 31084 | Orc:3    | Noticed Erolcha
 31091 | Orc:3    | Killed Erolcha
 31091 | Orc:3    | Received a gift from Okawaru
 31091 | Orc:3    | Reached XP level 15. HP: 101/101 MP: 21/21
 31092 | Orc:3    | Got a twisted shortbow {god gift}
 31093 | Orc:3    | Identified the +2 shortbow of Wyrd {flame, MP-9 Int+4} (Okawaru gifted it to you on level 3 of the Orcish Mines)
 31595 | Orc:4    | Found a staircase to the Elven Halls.
 31859 | Orc:4    | Found Pidd's Armour Shoppe.
 32581 | Orc:4    | Reached skill level 10 in Armour
 32658 | Orc:4    | Found a roughly hewn altar of Beogh.
 32669 | Orc:4    | Found Toesylo's Assorted Antiques.
 32669 | Orc:4    | Found Crar's Book Shoppe.
 32713 | Orc:4    | Bought a scroll of identify for 56 gold pieces
 32713 | Orc:4    | Bought a scroll of identify for 56 gold pieces
 32755 | Orc:4    | Found Strouj's Gadget Shop.
 33252 | D:12     | Received a gift from Okawaru
 33768 | D:12     | Found Usmemop's Antique Armour Emporium.
 33869 | D:12     | Bought a pair of boots for 153 gold pieces
 33918 | D:12     | Noticed Nessos
 33933 | D:12     | Killed Nessos
 34336 | D:13     | Noticed Erica
 34363 | D:13     | Killed Erica
 35517 | D:13     | Received a gift from Okawaru
 35953 | Swamp:1  | Entered Level 1 of the Swamp
 36059 | Swamp:1  | Found a frozen archway.
 36067 | IceCv    | Entered an ice cave
 37048 | IceCv    | Reached skill level 10 in Short Blades
 37139 | IceCv    | Reached XP level 16. HP: 96/109 MP: 23/23
 38113 | Swamp:1  | Paralysed by a hornet for 3 turns
 38121 | Swamp:1  | Reached skill level 10 in Fighting
 38375 | Swamp:1  | Received a gift from Okawaru
 40807 | Swamp:3  | Received a gift from Okawaru
 41320 | Swamp:3  | Paralysed by a wizard for 3 turns
 41400 | Swamp:3  | Got a warped shortbow
 41401 | Swamp:3  | Identified the cursed +1 shortbow of Howkiybi {velocity, +Fly rF- MR+ Stlth+} (You found it on level 3 of the Swamp)
 41639 | Swamp:3  | Received a gift from Okawaru
 42102 | Swamp:4  | Noticed a thorn hunter
 42343 | Swamp:4  | Killed a thorn hunter
 42350 | Swamp:4  | Received a gift from Okawaru
 42351 | Swamp:4  | Got a twisted robe {god gift}
 42362 | Swamp:4  | Identified the +1 robe of Ther {SInv} (Okawaru gifted it to you on level 4 of the Swamp)
 42513 | Swamp:4  | Reached XP level 17. HP: 108/116 MP: 24/24
 42915 | Swamp:4  | Noticed a thorn hunter
 42950 | Swamp:4  | Killed a thorn hunter
 43077 | Swamp:4  | Paralysed by a hornet for 3 turns
 43257 | Swamp:5  | Entered Level 5 of the Swamp
 43332 | Swamp:5  | Reached skill level 21 in Bows
 43975 | Swamp:5  | Noticed Asterion
 44389 | Swamp:5  | Killed Asterion
 44392 | Swamp:5  | Noticed Aizul
 44422 | Swamp:5  | HP: 2/116 [Aizul (16)]
 44427 | Swamp:5  | Killed from afar by Aizul

Action                   |  1- 3 |  4- 6 |  7- 9 | 10-12 | 13-15 | 16-18 || total
-------------------------+-------+-------+-------+-------+-------+-------++-------
Melee: Hand axe          |    95 |   101 |   392 |   395 |       |       ||   983
       Shortbow          |       |     1 |       |       |       |       ||     1
       Rapier            |       |       |       |       |  2573 |  1132 ||  3705
       War axe           |       |       |       |       |    63 |       ||    63
       Unarmed           |       |       |       |       |       |    30 ||    30
 Fire: Shortbow          |    13 |   210 |   383 |   811 |   576 |   267 ||  2260
Invok: Heroism           |       |       |     5 |     8 |     3 |     5 ||    21
       Finesse           |       |       |       |     1 |       |     2 ||     3
Evoke: Wand              |       |       |       |    10 |   115 |    12 ||   137
       Deck              |       |       |       |     2 |     7 |     5 ||    14
       Sack of spiders   |       |       |       |       |     7 |     3 ||    10
       Phial of floods   |       |       |       |       |     1 |     1 ||     2
       Box of beasts     |       |       |       |       |       |     3 ||     3
  Use: Scroll            |       |    11 |     6 |    14 |    17 |    20 ||    68
       Potion            |       |     3 |       |     2 |    12 |    11 ||    28
 Stab: Sleeping          |     4 |     1 |       |     2 |    30 |     4 ||    41
       Confused          |       |       |       |       |     4 |       ||     4
       Invisible         |       |       |       |       |     1 |       ||     1
       Paralysed         |       |       |       |       |     2 |       ||     2
       Distracted        |       |       |       |       |     1 |     1 ||     2
  Eat: Royal jelly       |     1 |     1 |       |     1 |       |       ||     3
       Meat ration       |       |     1 |     1 |     4 |     3 |     1 ||    10
       Bread ration      |       |     1 |     1 |       |     6 |     3 ||    11
       Beef jerky        |       |       |     2 |     2 |       |     1 ||     5
       Chunk             |       |       |     5 |       |       |       ||     5
       Pizza             |       |       |       |     3 |     2 |       ||     5
       Fruit             |       |       |       |       |    23 |     3 ||    26
